Selects Battlefield Espionage Battlegroup
Kradschützen Motorcycle Team
Construct Light Support Kompanie
le.IG 18 Support Gun Team
Selects Intel Disruption Beacon
Pak 38 Anti-tank Gun Team
Selects 250/3 Funkpanzerwagen
Selects Anti-Tank Incendiary Munitions
Construct Panzerarmee Kommand
Flak 36 Anti-tank Gun Team
Flak 36 Anti-tank Gun Team
Selects Operation Skorpion